 Dungeon Crawl Stone Soup version 0.26.1-11-gd32895ea62 (webtiles) character file.

Game seed: 5324520314268611789

213 vvl the Firebug (level 5, 0/41 HPs)
             Began as a Hill Orc Fire Elementalist on July 5, 2021.
             Slain by a jackal (3 damage)
             ... on level 3 of the Dungeon.
             The game lasted 00:10:57 (5248 turns).

vvl the Firebug (Hill Orc Fire Elementalist)        Turns: 5248, Time: 00:10:58

Health: 0/41       AC:  3    Str: 12    XL:     5   Next: 90%
Magic:  5/8        EV: 12    Int: 15    God:
Gold:   170        SH:  5    Dex: 11    Spells: 7/8 levels left

rFire    . . .     SeeInvis .   g - +0 dagger
rCold    . . .     Faith    .   (no shield)
rNeg     . . .     Spirit   .   a - +0 robe
rPois    .         Reflect  +   f - +1 hat
rElec    .         Harm     .   (no cloak)
rCorr    .         Rampage  .   (no gloves)
Will     .....                  (no boots)
Stlth    ++........             n - amulet of reflection
HPRegen  0.13/turn              (no ring)
MPRegen  0.11/turn              (no ring)

@: slowed, very slow
A: no striking features
a: no special abilities


You were on level 3 of the Dungeon.
You visited 1 branch of the dungeon, and saw 4 of its levels.

You collected 170 gold pieces.

Inventory:

Hand Weapons
 g - a +0 dagger (weapon)
Armour
 a - a +0 robe (worn)
 f - a +1 hat (worn)
Jewellery
 n - an amulet of reflection (around neck)
Scrolls
 c - a scroll of fear {unknown}
 d - 3 scrolls of identify {unknown}
 e - 3 scrolls of teleportation {unknown}
 h - a scroll of random uselessness {unknown}
 i - a scroll of magic mapping {unknown}
 l - a scroll of remove curse {unknown}
 r - a scroll of immolation {unknown}
Potions
 b - 2 potions of heal wounds {unknown}
 j - a potion of flight {unknown}
 k - a potion of attraction {unknown}
 m - a potion of invisibility {unknown}
 o - a potion of cancellation {unknown}
 p - 2 potions of degeneration {unknown}
 q - a potion of might {unknown}
 s - 2 potions of haste {unknown}


   Skills:
 + Level 2.1 Fighting
 + Level 2.0 Axes
 + Level 1.7 Armour
 - Level 1.5 Dodging
 - Level 1.5 Stealth
 + Level 2.1 Spellcasting
 + Level 2.1 Conjurations
 + Level 1.5 Necromancy
 * Level 4.6 Fire Magic


You had 7 spell levels left.
You knew the following spells:

 Your Spells              Type           Power        Failure   Level
a - Foxfire               Conj/Fire      44%          5%          1

Your spell library contained the following spells:

 Spells                   Type           Power        Failure   Level
 Conjure Flame            Conj/Fire      11%          16%         3
 Inner Flame              Hex/Fire       8%           26%         3
 Sticky Flame             Conj/Fire      11%          47%         4
 Fireball                 Conj/Fire      5%           83%         5


Dungeon Overview and Level Annotations

Branches:
Dungeon (4/15)
 Temple: D:4-7

Altars:
Okawaru
Uskayaw


Message History

You hit the jackal.
The jackal is moderately wounded.
The jackal bites you but does no damage.
You block the jackal's attack.
You hit the jackal.
The jackal is heavily wounded.
The jackal bites you but does no damage.
The jackal barely misses you.
You hit the jackal but do no damage.
The jackal is heavily wounded.
The jackal bites you.
* * * LOW HITPOINT WARNING * * *
The jackal barely misses you.
You closely miss the jackal.
The jackal is heavily wounded.
The jackal barely misses you. x2
You hit the jackal.
The jackal is almost dead.
The jackal bites you.
You die...

#########
###.......########
...............h@#
###.......########
..........#
##........#
##........#
..........#
###########


You could see a jackal.

Vanquished Creatures
  8 gnolls
  6 adders
  An adder zombie (D:4)
  2 worms (D:2)
  2 dart slugs (D:2)
  4 leopard geckos
  3 orcs
  2 giant cockroaches (D:2)
  3 goblins
  5 hobgoblins
  4 jackals (D:4)
  4 quokkas
  2 ball pythons (D:1)
  7 bats
  2 frilled lizards
  10 kobolds
  5 rats
70 creatures vanquished.

Vanquished Creatures (others)
  165 foxfires
165 creatures vanquished.

Grand Total: 235 creatures vanquished

Notes
Turn   | Place    | Note
-------+----------+-------------------------------------------
     0 | D:1      | vvl the Hill Orc Fire Elementalist began the quest for the
                  | Orb.
     0 | D:1      | Reached XP level 1. HP: 14/14 MP: 3/3
   333 | D:1      | Reached XP level 2. HP: 7/22 MP: 0/4
  1655 | D:2      | Found a hide-covered altar of Uskayaw.
  1753 | D:2      | Reached skill level 1 in Axes
  1824 | D:2      | Reached XP level 3. HP: 25/27 MP: 0/5
  2035 | D:2      | Reached skill level 1 in Fighting
  2092 | D:2      | Reached skill level 1 in Necromancy
  2638 | D:2      | Reached skill level 4 in Fire Magic
  2638 | D:2      | Reached XP level 4. HP: 21/35 MP: 0/6
  2696 | D:2      | Reached skill level 1 in Armour
  3211 | D:2      | Found an iron altar of Okawaru.
  3920 | D:3      | Reached XP level 5. HP: 40/40 MP: 1/7
  5220 | D:4      | Noticed an ogre
  5248 | D:3      | Slain by a jackal

Illustrated notes

Levels and vault maps discovered:
D:1:      lordsloth_arrival_two_stooges, layout_basic
D:2:      layout_loops_ring, eat_drink_and_be_merry_uskayaw,
          okawaru_altar_gauntlet_db
D:3:      layout_basic, grunt_decor_mini_mirrors, minmay_misc_feat_five
D:4:      minmay_opposing_rooms, layout_rooms, lemuel_round_altar,
          lemuel_coloured_pillars_altar, vehumet_crystals, temple_fountains,
          serial_undead, serial_undead_f, serial_undead_f, serial_undead_a,
          serial_undead_a, uniq_eustachio

Skill      XL: |  1  2  3  4  5 |
---------------+----------------+-----
Axes           | 1 2 |  2.0
Fighting       | 1 2 |  2.1
Necromancy     | 1 |  1.5
Fire Magic     | 4 |  4.6
Armour         | 1 |  1.7
Spellcasting   | 2 |  2.1
Conjurations   | 2 |  2.1
Dodging        | |  1.5
Stealth        | |  1.5

Action                   |  1- 3 |  4- 6 || total
-------------------------+-------+-------++-------
Melee: Unarmed           |    15 |       ||    15
       Dagger            |   102 |   109 ||   211
 Cast: Foxfire           |    35 |    60 ||    95
 Stab: Sleeping          |     4 |     5 ||     9
Armor: Robe              |    31 |    24 ||    55
Dodge: Dodged            |    88 |    76 ||   164
Block: Other             |       |    28 ||    28
       Reflection        |       |     2 ||     2
